[Event "*** Titled Tuesday Blitz"]
[Site "Chess.com"]
[Date "2019.10.01"]
[Round "3"]
[White "TrimitziosP7"]
[Black "Grischuk"]
[Result "0-1"]
[WhiteElo "2765"]
[BlackElo "3057"]
[TimeControl "180+2"]
[EndTime "13:41:02 PDT"]
[Termination "Grischuk won by resignation"]

1. Nf3 Nf6 2. b3 g6 3. Bb2 Bg7 4. g3 O-O 5. Bg2 d6 6. d4 Nbd7 7. O-O Re8 8. c4 c6 9. Nc3 e5 10. dxe5 dxe5 11. Nd2 Nc5 12. b4 Qb6 13. Ba3 Ne6 14.
c5 Qc7 15. Nc4 Rd8 16. Qc1 b6 17. Nd6 bxc5 18. bxc5 Ba6 19. Re1 Nd7 20. Na4 Nd4 21.
Nc3 Rab8 22. e3 Ne6 23. Na4 Bb5 24. Nxb5 cxb5 25. Nc3 Ndxc5 26. Nd5 Qd6 27. Rd1 Kh8 28. Rb1 a5 29. Qc2 Rdc8 30. Rbc1 Qf8 31. Qe2 b4 32.
Bb2 e4 33. Bxg7+ Qxg7 34. h4 f5 35. h5 Nd3 36. Rxc8+ Rxc8 37. hxg6 hxg6 38. Bf1 Qb2 39. Ne7 Qxe2 40. Bxe2 Rc2 41. Bxd3 exd3 42. Rxd3 Kg7 43.
Rd6 Nc5 44. Rc6 a4 45. Nxg6 b3 46. axb3 axb3 47. Nh4 b2 48. Nxf5+ Kh7 49. Rb6 Rc1+ 50. Kg2 b1=Q 51. Rxb1 Rxb1 52. g4 Rb2 53. Kg3 Ne4+ 54.
Kf3 Nxf2 55. e4 Nd3 56. Ke3 Ne5 57. Kf4 Nf7 58. Ne3 Rf2+ 59. Kg3 Re2 60. Kf3 Re1 61. Kf2 Ra1 62. Kf3 Kg6 63. Kf4 Ng5 64.
e5 Ra4+ 65. Kg3 Re4 66. Nd5 Rxe5 67. Nf4+ Kh6 68. Ng2 Ra5 69. Kf4 Nh3+ 70. Kg3 Ra3+ 71. Kh4 Ng5 72. Ne3 Nf3+ 73. Kg3 Rxe3 74. Kf4 Ra3 75. Ke4 Nh2 76. g5+ Kxg5 77. Kd4 Ng4 78. Kc4 Re3 79. Kb4 Kf4 80. Kc4 Re8 81. Kd4 Rd8+ 82. Kc4 Ke4 83. Kc5 Rd1 84. Kc6 Ke5 85.
Kb5 Rc1 86. Kb4 Kd5 87. Ka3 Rb1 88. Ka2 Rb8 89. Ka3 Kc4 90. Ka4 0-1

[Event "*** Titled Tuesday Blitz"]
[Site "Chess.com"]
[Date "2019.10.01"]
[Round "3"]
[White "cool4chess"]
[Black "ural58"]
[Result "0-1"]
[WhiteElo "2586"]
[BlackElo "2401"]
[TimeControl "180+2"]
[EndTime "13:44:05 PDT"]
[Termination "ural58 won by checkmate"]

1. e4 d5 2. exd5 Qxd5 3. Nc3 Qa5 4. d4 Nf6 5. Bd2 Bg4 6. f3 Bd7 7. Bc4 Qb6 8. Nge2 e6 9. a4 a5 10. O-O Be7 11. Be3 O-O 12. Qd2 Na6 13. Kh1 Rad8 14.
Ng3 Nb4 15. Nge4 Nfd5 16. Bf2 c6 17. Nc5 Qc7 18. Nxd7 Qxd7 19. Ne4 b6 20. c3 b5 21. Be2 Na6 22. axb5 cxb5 23. Rxa5 Nac7 24. Bg3 Ra8 25.
Rfa1 Rxa5 26. Rxa5 Qc6 27. Qd1 f5 28. Nf2 f4 29.
Nd3 fxg3 30. hxg3 Bd6 31. g4 Rf6 32. Kg1 Rh6 33. Nf2 Bh2+ 34. Kh1 Ne3 35. Qd3 Ncd5 36. Nh3 Bc7 37. Qxb5 Qxb5 38. Rxb5 Rf6 39. Bd3 Nf4 40. Be4 Rf7 41. Ng5 Re7 42. Bxh7+ Kf8 43. Be4 Ke8 44.
Rb7 Kd8 45. Ra7 Kd7 46. Kg1 Nc4 47. Rb7 Nd6 48. Ra7 e5 49. g3 Nxe4 50. Nxe4 Nd5 51. Nc5+ Ke8 52. dxe5 Bb6 53. Ra8+ Kf7 54. b4 Nxc3 55. Kg2 Bxc5 56. bxc5 Rxe5 57. Ra7+ Kg8 58. Rc7 Re2+ 59. Kh3 Nd5 60. Rc8+ Kh7 61. g5 Rc2 62.
Kg4 Rc4+ 63. f4 Ne3+ 64. Kh5 g6+ 65. Kh4 Nf5+ 66. Kh3 Rc3 67. Kh2 Rxg3 68. Rc7+ Kg8 69. Rc8+ Kf7 70. Rc7+ Kf8 71. Rc8+ Ke7 72. Rc7+ Ke6 73.
Rc6+ Kd5 74. Rxg6 Ke4 75. Rf6 Rc3 76. g6 Rxc5 77. Rf7 Rc6 78. g7 Rg6 79. Ra7 Kf3 80.
Ra3+ Kg4 81. Ra7 Nxg7 82. Kg2 Nf5 83. Kf2 Re6 84. Ra3 Re4 85. Ra8 Re7 86. Rg8+ Kxf4 87. Ra8 Re4 88. Ra5 Rd4 89. Ra2 Ng3 90. Ke1 Ke3 91.
Ra3+ Kf4 92. Kf2 Rd2+ 93. Ke1 Rb2 94. Kd1 Ne4 95. Kc1 Rf2 96. Ra8 Nd6 97. Rd8 Nf5 98. Re8 Kf3 99. Re5 Ne3 100. Re8 Rh2 101. Rf8+ Ke4 102. Rd8 Nc4 103. Re8+ Kd3 104. Rd8+ Kc3 105. Kd1 Rh7 106. Ke2 Rf7 107. Rd3+ Kc2 108. Rd8 Re7+ 109. Kf3 Ne5+ 110. Kg3 Nd3 111. Kf3 Kd2 112. Rd6 Rf7+ 113. Ke4 Rf4+ 114. Kd5 Rf5+ 115. Ke6 Rh5 116. Kf7 Ke3 117. Re6+ Ne5+ 118. Ke7 Ke4 119. Ra6 Rh7+ 120. Kf8 Nd7+ 121. Kg8 Re7 122. Ra1 Kf5 123. Rf1+ Ke6 124. Kh8 Ne5 125. Kg8 Rd7 126. Kh8 Ng4 127. Ra1 Kf7 128. Kh7 Kf6+ 129. Kh8 Kg6 130. Rg1 Rd8# 0-1

[Event "*** Titled Tuesday Blitz"]
[Site "Chess.com"]
[Date "2019.10.01"]
[Round "3"]
[White "LornerAcosta"]
[Black "anon132639"]
[Result "1/2-1/2"]
[WhiteElo "2470"]
[BlackElo "2677"]
[TimeControl "180+2"]
[EndTime "13:47:07 PDT"]
[Termination "Game drawn - insufficient material"]

1. Nf3 Nf6 2. d4 g6 3. c3 Bg7 4. Bf4 O-O 5. Nbd2 d6 6. e4 Nfd7 7. Bd3 e5 8. Be3 Nc6 9. O-O h6 10. Re1 f5 11. dxe5 Ndxe5 12. Bf1 f4 13. Bd4 g5 14.
Nc4 Qe7 15. Bxe5 dxe5 16. Qa4 g4 17. Nfd2 h5 18. Na5 g3 19. fxg3 Qc5+ 20. Kh1 Qxa5 21.
Qc4+ Kh8 22. Nf3 Qb6 23. b4 Ne7 24. gxf4 Rxf4 25. Be2 Be6 26. Qd3 Raf8 27. a4 Bg4 28.
h3 Bxf3 29. Bxf3 Qh6 30. Rf1 Ng6 31. g3 R4f7 32. h4 Ne7 33. Rad1 Qg6 34. Kh2 Bh6 35. Qe2 Qg7 36. Bxh5 Rxf1 37. Rxf1 Rxf1 38. Qxf1 Nc6 39. Qe2 Qf6 40. Bg4 Ne7 41. Kg2 Qc6 42. a5 Qxc3 43.
Be6 Qd2 44. Kf3 Qxe2+ 45. Kxe2 b6 46. axb6 axb6 47. Kd3 Kg7 48. Kc4 Kf6 49. Bd7 Be3 50.
g4 Bf2 51. g5+ Kg7 52. h5 Be3 53. g6 Kh6 54. Bg4 Kg5 55. Be2 Kf6 56. Kb5 Bd2 57.
Kc4 Kg7 58. Bg4 Kh6 59. Be2 Be3 60. Bg4 c6 61. b5 cxb5+ 62. Kxb5 Ng8 63. Kc6 Nf6 64.
Bf3 Bd4 65. Kd6 Ne8+ 66. Kc6 Ng7 67. Kd5 b5 68. Be2 b4 69. Bd1 Bc3 70. Kc5 Kg5 71.
Kd5 Kh6 72. Kc5 Ne8 73. Kc4 Nf6 74. Bf3 Kg7 75. Kb3 Nd7 76. Kc4 Nf8 77. Kb3 Ne6 78.
Kc4 Nd4 79. Bd1 Ne6 80. Kd5 Nf4+ 81. Kc4 Kh6 82. Kb3 Be1 83. Kc4 Bh4 84. Kxb4 Bf6 85. Kc4 Nxh5 86. Kd5 Kxg6 87. Ba4 Nf4+ 88. Kc4 Kg5 89. Bd7 Kh4 90. Kc3 Kg3 91. Kc4 Kf3 92. Bf5 Be7 93. Bh7 Ke3 94. Bf5 Ba3 95. Bh7 Bb2 96.
Bf5 Bd4 97. Bh7 Ne2 98. Kd5 Nc3+ 99. Kc4 Nxe4 100. Kb3 Nf6 101. Bf5 Kf4 102. Bg6 Ne4 103. Kc4 Nd6+ 104. Kd3 Nf5 105. Be8 e4+ 106. Kc2 Ne3+ 107. Kd2 Nc4+ 108. Ke2 Ne5 109. Bb5 Bc5 110. Ba6 e3 111. Bb5 Ke4 112. Ba6 Kd4 113. Bc8 Ng6 114. Bg4 Nf4+ 115. Kd1 Bb4 116. Kc2 Ke4 117. Kb3 Bd2 118. Kc2 Nd3 119. Be2 Ne5 120. Kd1 Kf4 121. Kc2 Kg3 122. Kd1 Kf2 123. Bb5 Nf3 124. Ba6 Nd4 125. Bd3 Ba5 126. Bc4 e2+ 127. Bxe2 Nxe2 128. Kc2 Ke3 129. Kb3 Kd4 130. Ka4 Bd2 131. Kb5 Kd5 132. Kb6 Kd6 133. Kb5 Kd5 134. Kb6 Nd4 135. Kc7 Bf4+ 136. Kb6 Kc4 137. Kb7 Kc5 138. Ka6 Kc6 139. Ka5 Bd2+ 140. Ka6 Be3 141. Ka5 Nb5 142. Kb4 Nd6 143. Kc3 Kd5 144. Kd3 Bd4 145. Ke2 Ke4 146. Kf1 Kf3 147. Ke1 Nc4 148. Kd1 Ke3 149. Kc2 Na5 150. Kd1 Nc4 151.
Kc2 Ne5 152. Kb3 Kd3 153. Kb4 Be3 154. Kb5 Kd4 155. Kb6 Kd5+ 156. Kc7 Kc5 157. Kb7 Nc6 158. Kc7 Bf4+ 159. Kd7 Kd5 160. Kc8 Na5 161. Kd7 Bd6 162. Kc8 Ke6 163. Kd8 Be5 164. Kc8 Bd6 165. Kd8 Kd5 166. Kd7 Nc6 167. Kc8 Ne5 168. Kb7 Kc5 169. Ka6 Kc6 170. Ka5 Nc4+ 171. Ka6 Nb6 172. Ka5 Kc5 173. Ka6 Bb8 174. Kb7 Nc8 175. Kxc8 1/2-1/2

[Event "*** Titled Tuesday Blitz"]
[Site "Chess.com"]
[Date "2019.10.01"]
[Round "4"]
[White "Kozok"]
[Black "evgenyermolaev"]
[Result "0-1"]
[WhiteElo "2287"]
[BlackElo "2486"]
[TimeControl "180+2"]
[EndTime "13:49:22 PDT"]
[Termination "evgenyermolaev won by resignation"]

1. e4 c5 2. Nf3 d6 3. d4 cxd4 4. Nxd4 Nf6 5. Nc3 a6 6. Bc4 e6 7. O-O Be7 8. f4 O-O 9. Be3 Nc6 10.
Qf3 Qc7 11. Rad1 Nxd4 12. Rxd4 e5 13. fxe5 dxe5 14. Qg3 Nh5 15. Nd5 Nxg3 16. Nxc7 Nxf1 0-1

[Event "*** Titled Tuesday Blitz"]
[Site "Chess.com"]
[Date "2019.10.01"]
[Round "4"]
[White "12teen"]
[Black "monalize"]
[Result "1/2-1/2"]
[WhiteElo "2702"]
[BlackElo "2408"]
[TimeControl "180+2"]
[EndTime "13:49:46 PDT"]
[Termination "Game drawn by agreement"]

1. e4 c5 2. Nc3 a6 3. g3 b5 4. Bg2 Bb7 5. d3 Nf6 6. f4 e6 7.
Nf3 d6 8. h3 Be7 9. g4 Nc6 10.
Ne2 h6 11. Ng3 Nd7 12. O-O g6 13. f5 Nde5 14. c3 Qc7 15. Bf4 1/2-1/2

[Event "*** Titled Tuesday Blitz"]
[Site "Chess.com"]
[Date "2019.10.01"]
[Round "4"]
[White "anon132639"]
[Black "Rakesh"]
[Result "1-0"]
[WhiteElo "2680"]
[BlackElo "2429"]
[TimeControl "180+2"]
[EndTime "13:49:49 PDT"]
[Termination "anon132639 won by resignation"]

1. d4 Nf6 2. c4 e5 3. dxe5 Ng4 4. Nf3 Bc5 5. e3 Nc6 6. Nc3 O-O 7. Be2 Re8 8. O-O Ngxe5 9. Nxe5 Nxe5 10. b3 a5 11. Na4 Bf8 12. c5 d6 13. Bb2 d5 14. Qd4 Bf5 15.
Rad1 c6 16. Qf4 Bg6 17. Bxe5 1-0

[Event "*** Titled Tuesday Blitz"]
[Site "Chess.com"]
[Date "2019.10.01"]
[Round "4"]
[White "Colombiano07"]
[Black "Samantha_Ross"]
[Result "0-1"]
[WhiteElo "2197"]
[BlackElo "2063"]
[TimeControl "180+2"]
[EndTime "13:50:02 PDT"]
[Termination "Samantha_Ross won by resignation"]

1. e4 c5 2. Nf3 d6 3. d4 cxd4 4.
Nxd4 Nf6 5. Nc3 g6 6. Be3 Bg7 7.
f3 O-O 8. Qd2 Nc6 9. O-O-O Nxd4 10. Bxd4 Be6 11. Kb1 Qc7 12. h4 Rfc8 13. h5 Qa5 14. a3 Rab8 15. hxg6 hxg6 16. g4 b5 17. Qg5 d5 18. Nxd5 Bxd5 19. Bxf6 Bxf6 20. Qxd5 Rd8 0-1

[Event "*** Titled Tuesday Blitz"]
[Site "Chess.com"]
[Date "2019.10.01"]
[Round "4"]
[White "Slovak_fighter2000"]
[Black "JussupowFan"]
[Result "1-0"]
[WhiteElo "2454"]
[BlackElo "2205"]
[TimeControl "180+2"]
[EndTime "13:50:44 PDT"]
[Termination "Slovak_fighter2000 won by resignation"]

1. e4 c5 2. d4 cxd4 3. c3 dxc3 4. Nxc3 Nc6 5. Nf3 e6 6. Bc4 a6 7. O-O b5 8. Bb3 Nge7 9. Qe2 Bb7 10. Bf4 Ng6 11.
Bg3 Na5 12. Nd5 Rc8 13. Rac1 d6 14. Rxc8 Qxc8 15. Nf4 Nxb3 16. axb3 Be7 17. Rd1 O-O 18. Nxg6 hxg6 19. Bxd6 Bxd6 20. Rxd6 Qd8 21. Rxd8 1-0

[Event "*** Titled Tuesday Blitz"]
[Site "Chess.com"]
[Date "2019.10.01"]
[Round "4"]
[White "AminMolaei"]
[Black "FMJoseHerrera"]
[Result "0-1"]
[WhiteElo "2680"]
[BlackElo "2529"]
[TimeControl "180+2"]
[EndTime "13:51:01 PDT"]
[Termination "FMJoseHerrera won by resignation"]

1. d4 Nf6 2. c4 c5 3. d5 b5 4. cxb5 a6 5. bxa6 g6 6. Nc3 Bg7 7. e4 O-O 8. g3 Qa5 9. Bd2 Bxa6 10. Qc2 d6 11. Bxa6 Nxa6 12. Kf1 Nb4 13. Qb1 Rfb8 14.
Kg2 Qa6 15. a4 Ng4 16. Nh3 Nd3 17. Nb5 Nxb2 18. Qc2 Nxa4 19. Nc7 Qe2 20. Nxa8 Ne3+ 21.
Bxe3 Qxc2 22. Nc7 Qxe4+ 0-1

[Event "*** Titled Tuesday Blitz"]
[Site "Chess.com"]
[Date "2019.10.01"]
[Round "4"]
[White "colegiodemadrid"]
[Black "Svet99"]
[Result "1-0"]
[WhiteElo "2346"]
[BlackElo "2164"]
[TimeControl "180+2"]
[EndTime "13:51:18 PDT"]
[Termination "colegiodemadrid won by resignation"]

1. e4 c6 2. d4 d5 3. e5 Bf5 4. h4 h5 5. Bd3 Bxd3 6. Qxd3 e6 7.
Bg5 Be7 8. Nf3 Nh6 9. Nbd2 Nf5 10. Nf1 c5 11. Ne3 Nxd4 12. Nxd4 cxd4 13. Qxd4 Nc6 14.
Qf4 Bxg5 15. hxg5 Qa5+ 16. c3 d4 17. Nc4 Qc7 18. Nd6+ Kf8 19. cxd4 Nb4 20. Kf1 Nd5 21. Qf3 g6 22. Kg1 Kg7 23. Kh2 h4 24. Rac1 Qe7 25.
Qf6+ Qxf6 26. gxf6+ Kf8 27. Nxb7 Rb8 28. Nd6 Rh5 29. b3 1-0

[Event "*** Titled Tuesday Blitz"]
[Site "Chess.com"]
[Date "2019.10.01"]
[Round "4"]
[White "AndrewMcStone"]
[Black "Caisachess"]
[Result "1-0"]
[WhiteElo "2163"]
[BlackElo "2327"]
[TimeControl "180+2"]
[EndTime "13:51:20 PDT"]
[Termination "AndrewMcStone won by resignation"]

1. f4 f5 2. Nf3 g6 3. g3 Bg7 4. Bg2 e6 5. O-O d5 6. d3 c6 7.
c3 Nd7 8. Qe1 Ngf6 9. Nbd2 Qb6+ 10. e3 O-O 11. h3 c5 12. Kh2 Qc7 13. e4 dxe4 14. dxe4 b6 15. Ng5 Re8 16. e5 Nd5 17. Nxe6 Qc6 18. Nxg7 Kxg7 19. c4 Ba6 1-0

[Event "*** Titled Tuesday Blitz"]
[Site "Chess.com"]
[Date "2019.10.01"]
[Round "4"]
[White "Frolik67"]
[Black "beccrajoy"]
[Result "1-0"]
[WhiteElo "2576"]
[BlackElo "1775"]
[TimeControl "180+2"]
[EndTime "13:51:30 PDT"]
[Termination "Frolik67 won by resignation"]

1. e4 c5 2. Bc4 e6 3. Nc3 Nc6 4.
f4 d6 5. Nf3 a6 6. a4 Qc7 7. d3 Nf6 8. O-O g6 9. h3 Bg7 10. Be3 O-O 11. Ne2 b6 12. c3 Bb7 13.
Bb3 e5 14. fxe5 dxe5 15. Bg5 Na5 16. Bc2 c4 17. Bxf6 cxd3 18. Bxg7 dxc2 19. Qxc2 Kxg7 20.
Ng3 Rad8 21. Rae1 b5 22. Qc1 b4 23. Qg5 Qb6+ 24. Kh2 Kh8 25. Nxe5 f6 26. Nxg6+ hxg6 27. Qh6+ Kg8 28. Qxg6+ Kh8 29. Rf5 1-0

[Event "*** Titled Tuesday Blitz"]
[Site "Chess.com"]
[Date "2019.10.01"]
[Round "4"]
[White "Sajkochess"]
[Black "sandropozo"]
[Result "0-1"]
[WhiteElo "2274"]
[BlackElo "2621"]
[TimeControl "180+2"]
[EndTime "13:51:53 PDT"]
[Termination "sandropozo won by resignation"]

1. e4 c6 2. d4 d5 3. e5 c5 4. dxc5 e6 5. a3 Bxc5 6. b4 Bb6 7. Nf3 Nc6 8. Bb2 Nge7 9. Bd3 Ng6 10. O-O O-O 11.
c4 dxc4 12. Bxc4 Nh4 13. Nbd2 Nd4 14. Nxd4 Bxd4 15. Bxd4 Qxd4 16. Qe2 b5 17. Nf3 Qxc4 18.
Qxc4 Nxf3+ 19. gxf3 bxc4 20. Rac1 Bb7 21. Rxc4 Ba6 0-1

[Event "*** Titled Tuesday Blitz"]
[Site "Chess.com"]
[Date "2019.10.01"]
[Round "4"]
[White "platy3"]
[Black "Nightlord1"]
[Result "1/2-1/2"]
[WhiteElo "2849"]
[BlackElo "2260"]
[TimeControl "180+2"]
[EndTime "13:52:05 PDT"]
[Termination "Game drawn by agreement"]

1. e4 e5 2. Nf3 d5 3. exd5 e4 4. Qe2 Nf6 5. d3 Qxd5 6. dxe4 Qxe4 7. Nc3 Bb4 8. Bd2 Qxe2+ 9. Bxe2 O-O 10. O-O-O a6 11. h3 Nc6 12. a3 Bc5 13. Rhf1 Be6 14. Bg5 Rad8 15. Bxf6 gxf6 16. Ne4 Be7 17. Ng3 Ne5 18. Nd4 Bc5 19. Nxe6 fxe6 20. Ne4 Be7 21. f4 Rxd1+ 22. Rxd1 f5 23. fxe5 fxe4 24. Bc4 Bg5+ 25. Kb1 e3 26. Bxe6+ Kg7 27. Bg4 Rf2 28. Ka2 Rxg2 29. e6 1/2-1/2

[Event "*** Titled Tuesday Blitz"]
[Site "Chess.com"]
[Date "2019.10.01"]
[Round "4"]
[White "maxip32"]
[Black "ShadowJolteon"]
[Result "0-1"]
[WhiteElo "2495"]
[BlackElo "2353"]
[TimeControl "180+2"]
[EndTime "13:52:14 PDT"]
[Termination "ShadowJolteon won by resignation"]

1. e4 c6 2. d4 d5 3. e5 c5 4.
dxc5 Nc6 5. Bb5 e6 6. Be3 Ne7 7.
c3 Nf5 8. Bd4 Nxd4 9. Qxd4 Bd7 10. Bxc6 Bxc6 11. Nf3 Be7 12. O-O O-O 13. a4 b6 14.
cxb6 axb6 15. Nbd2 Qd7 16. b3 b5 17. axb5 Bxb5 18. Rfe1 Qc7 19. h4 Bc5 20. Qg4 Bd3 21. h5 h6 22. Qf4 Rxa1 23. Rxa1 Bb6 24. c4 Qc5 25. Ne1 dxc4 26. Nxc4 Bxc4 27. bxc4 g5 28.
Qe4 Qxf2+ 29. Kh2 f5 30. exf6 Bc7+ 0-1

[Event "*** Titled Tuesday Blitz"]
[Site "Chess.com"]
[Date "2019.10.01"]
[Round "4"]
[White "DanielNaroditsky"]
[Black "IMTominho"]
[Result "1-0"]
[WhiteElo "3021"]
[BlackElo "2772"]
[TimeControl "180+2"]
[EndTime "13:52:20 PDT"]
[Termination "DanielNaroditsky won by resignation"]

1. e4 e5 2. Nf3 Nf6 3. d4 Nxe4 4. Bd3 d5 5. dxe5 Bf5 6. O-O Nc6 7. Nc3 Nxc3 8. bxc3 Bg4 9. Rb1 Rb8 10. h3 Bh5 11. e6 fxe6 12. Re1 Qf6 13. g4 Bf7 14. Bg5 Qxc3 15. Bb5 Bd6 16. Rb3 Qc5 17. Be3 d4 18.
Bxd4 Qd5 19. c4 1-0

[Event "*** Titled Tuesday Blitz"]
[Site "Chess.com"]
[Date "2019.10.01"]
[Round "4"]
[White "mjray79"]
[Black "SCIM"]
[Result "0-1"]
[WhiteElo "2157"]
[BlackElo "2504"]
[TimeControl "180+2"]
[EndTime "13:52:21 PDT"]
[Termination "SCIM won by resignation"]

1. d4 Nf6 2. c4 g6 3. Nc3 d5 4. cxd5 Nxd5 5. e4 Nxc3 6. bxc3 Bg7 7. Bc4 c5 8. Ne2 Nc6 9. Be3 O-O 10. O-O Bg4 11.
f3 Bd7 12. Qd2 Qa5 13. Rfd1 cxd4 14. cxd4 Qxd2 15. Rxd2 Rac8 16. Bb3 Na5 17. Nf4 e6 18. Nd3 Nc4 19. Bxc4 Rxc4 20. Nc5 Bc6 21. Rb1 b6 22. d5 exd5 23. exd5 Be8 24. Ne4 Bd7 25. Bh6 Bxh6 26. Nf6+ Kg7 27. Nxd7 Bxd2 28. Nxf8 Kxf8 29. Rd1 Be3+ 30.
Kf1 Bc5 31. d6 Ke8 32. d7+ Kd8 0-1

[Event "*** Titled Tuesday Blitz"]
[Site "Chess.com"]
[Date "2019.10.01"]
[Round "4"]
[White "vugarrasulov"]
[Black "Hikaru"]
[Result "1-0"]
[WhiteElo "2865"]
[BlackElo "3159"]
[TimeControl "180+2"]
[EndTime "13:52:24 PDT"]
[Termination "vugarrasulov won by resignation"]

1. d4 Nf6 2. c4 g6 3. Nc3 Bg7 4. e4 d6 5. Be2 O-O 6. Bg5 Na6 7.
Qd2 Qe8 8. f3 e5 9. d5 Nc5 10. Bh6 a5 11. Bxg7 Kxg7 12. Bd3 Nh5 13. Nge2 Nf4 14. Nxf4 exf4 15. Bc2 Qe5 16. O-O-O f5 17.
exf5 Bxf5 18. Rhe1 Qf6 19. Qxf4 a4 20. Qd4 a3 21.
Qxf6+ Kxf6 22. b3 Na6 23. Bxf5 gxf5 24. Re6+ Kg7 25. Nb5 Nb4 26. Kb1 Rf7 27. Rde1 Rd8 28. Re7 c6 29. dxc6 bxc6 30. Nd4 Rxe7 31. Rxe7+ Kf6 32.
Re6+ Kf7 33. Re2 c5 34. Nc2 d5 35. Nxb4 d4 1-0

[Event "*** Titled Tuesday Blitz"]
[Site "Chess.com"]
[Date "2019.10.01"]
[Round "4"]
[White "djano"]
[Black "chessdjw"]
[Result "0-1"]
[WhiteElo "2388"]
[BlackElo "2639"]
[TimeControl "180+2"]
[EndTime "13:52:26 PDT"]
[Termination "chessdjw won by resignation"]

1. c4 e5 2. g3 c6 3. d4 Bb4+ 4. Bd2 Bxd2+ 5. Qxd2 d6 6. Bg2 Nf6 7. e3 O-O 8. Ne2 Bf5 9. Nbc3 Nbd7 10. O-O Re8 11.
Rfd1 e4 12. b4 Nb6 13. c5 Nc4 14. Qc1 d5 15. a4 Qd7 16. b5 Bh3 17. Bh1 Qf5 18. Nf4 Bg4 19. Rf1 g5 20. Ng2 Bf3 21. bxc6 Qh3 22. Ne1 Ng4 23. Nxf3 exf3 0-1

[Event "*** Titled Tuesday Blitz"]
[Site "Chess.com"]
[Date "2019.10.01"]
[Round "4"]
[White "Babas"]
[Black "WiktoriaPOL"]
[Result "1-0"]
[WhiteElo "2472"]
[BlackElo "2181"]
[TimeControl "180+2"]
[EndTime "13:52:28 PDT"]
[Termination "Babas won by resignation"]

1. d4 Nf6 2. Nf3 e6 3. c4 b6 4.
Bg5 Bb7 5. Nc3 Bb4 6. Qc2 h6 7. Bxf6 Qxf6 8. e4 Bxc3+ 9. bxc3 d6 10. Bd3 Nc6 11. O-O O-O 12. Rfe1 e5 13. Qb2 Na5 14. a4 Ba6 15. Nd2 Qe6 16. Qa2 c5 17. d5 Qd7 18.
Re3 g6 19. Rg3 Kh7 20. Qc2 f5 21. exf5 gxf5 22. Re1 e4 23. Nxe4 fxe4 24. Bxe4+ Kh8 25. Rg6 Nxc4 26. Rxh6+ Kg7 27. Rh7+ 1-0

[Event "*** Titled Tuesday Blitz"]
[Site "Chess.com"]
[Date "2019.10.01"]
[Round "4"]
[White "tigra"]
[Black "AntonSmirnov"]
[Result "0-1"]
[WhiteElo "2696"]
[BlackElo "2908"]
[TimeControl "180+2"]
[EndTime "13:52:36 PDT"]
[Termination "AntonSmirnov won by resignation"]

1. e4 e5 2. Nf3 Nf6 3. Bc4 Nxe4 4. O-O d5 5. Bb3 Bg4 6. Re1 Bc5 7. d4 Bxd4 8. Be3 Nc6 9. c3 Bxe3 10. Rxe3 Bxf3 11. Qxf3 Nf6 12. Ba4 e4 13. Nd2 O-O 14.
Qg3 Ne7 15. Ree1 c6 16. Rad1 Qb6 17. Bb3 Rae8 18. Qh3 Ng6 19. Qg3 Re5 20. c4 Rfe8 21. cxd5 cxd5 22. Ba4 R8e7 23. Nb3 h6 24. h3 e3 25.
fxe3 Rxe3 26. Rxe3 Rxe3 27. Qb8+ Re8+ 0-1

[Event "*** Titled Tuesday Blitz"]
[Site "Chess.com"]
[Date "2019.10.01"]
[Round "4"]
[White "hypert"]
[Black "brendan174"]
[Result "1-0"]
[WhiteElo "2430"]
[BlackElo "2119"]
[TimeControl "180+2"]
[EndTime "13:52:41 PDT"]
[Termination "hypert won by resignation"]

1. Nf3 Nf6 2. g3 e6 3. Bg2 d5 4. O-O Be7 5. b3 c5 6. c4 d4 7. e3 O-O 8. exd4 cxd4 9. d3 Nc6 10. Re1 Ne8 11. Ne5 Nxe5 12. Rxe5 f6 13. Re1 e5 14.
Ba3 Nc7 15. Bxe7 Qxe7 16. Nd2 Bf5 17. Ne4 Rab8 18. a3 a5 19. Qd2 b6 20. b4 axb4 21.
axb4 b5 22. c5 Nd5 23. Qa2 Be6 24. Ng5 Nc7 25. Nxe6 Qxe6 26. Qxe6+ Nxe6 27. Bd5 Rfe8 28. Ra6 Kf7 29. f4 1-0

[Event "*** Titled Tuesday Blitz"]
[Site "Chess.com"]
[Date "2019.10.01"]
[Round "4"]
[White "akretchetov"]
[Black "heyiampotato"]
[Result "1-0"]
[WhiteElo "2378"]
[BlackElo "2518"]
[TimeControl "180+2"]
[EndTime "13:52:42 PDT"]
[Termination "akretchetov won on time"]

1. d4 Nf6 2. Bf4 g6 3. Nc3 d5 4. e3 Bg7 5. h4 O-O 6. h5 c5 7.
hxg6 hxg6 8. Qf3 Nc6 9. Nge2 Qb6 10. O-O-O cxd4 11. exd4 Bf5 12. Qg3 Rfc8 13. Qh4 Nb4 14.
Bh6 Nxa2+ 15. Kd2 Nh5 16. Bxg7 Kxg7 17. g4 Qxb2 18. gxf5 Nxc3 19. Nf4 Ne4+ 20. Ke3 Rc3+ 21. Bd3 1-0

[Event "*** Titled Tuesday Blitz"]
[Site "Chess.com"]
[Date "2019.10.01"]
[Round "4"]
[White "ENEASZ"]
[Black "Bryakin_Mikhail"]
[Result "0-1"]
[WhiteElo "2523"]
[BlackElo "2753"]
[TimeControl "180+2"]
[EndTime "13:52:43 PDT"]
[Termination "Bryakin_Mikhail won by checkmate"]

1. e4 d5 2. exd5 Nf6 3. d4 Bg4 4. Be2 Bxe2 5. Qxe2 Qxd5 6. Nf3 e6 7. O-O Nc6 8. Be3 O-O-O 9. c4 Qh5 10. Nc3 Rg8 11.
b4 Bxb4 12. Rfc1 g5 13. d5 g4 14. dxc6 gxf3 15. cxb7+ Kxb7 16. Qb2 Rxg2+ 17. Kf1 Rg1+ 18. Kxg1 Qg4+ 19. Kf1 Qg2+ 20. Ke1 Qg1# 0-1

[Event "*** Titled Tuesday Blitz"]
[Site "Chess.com"]
[Date "2019.10.01"]
[Round "4"]
[White "ChessWarrior7197"]
[Black "biostatistician"]
[Result "1-0"]
[WhiteElo "2912"]
[BlackElo "2586"]
[TimeControl "180+2"]
[EndTime "13:52:44 PDT"]
[Termination "ChessWarrior7197 won by resignation"]

1. d4 Nf6 2. c4 g6 3. Nc3 Bg7 4. e4 d6 5. h3 O-O 6. Bg5 c5 7. d5 e6 8. Bd3 exd5 9. exd5 Re8+ 10. Nge2 Nbd7 11. O-O Ne5 12. f4 Nxd3 13. Qxd3 Bf5 14. Qd2 h6 15. Bh4 Qb6 16. Ng3 Ne4 17. Ngxe4 Bxe4 18. Rae1 Bf5 19. g4 Bd7 20. Be7 Qb4 21. f5 Qxc4 22. f6 Bh8 23. Re4 Qa6 24. Qxh6 Qd3 25. Kg2 b5 26. g5 Qd2+ 27. Rf2 Bxh3+ 28. Qxh3 Qxg5+ 29. Rg4 Qc1 30. Rh4 1-0

[Event "*** Titled Tuesday Blitz"]
[Site "Chess.com"]
[Date "2019.10.01"]
[Round "4"]
[White "mishanick"]
[Black "adriangschnitzer"]
[Result "0-1"]
[WhiteElo "2977"]
[BlackElo "2542"]
[TimeControl "180+2"]
[EndTime "13:52:48 PDT"]
[Termination "adriangschnitzer won by resignation"]

1. d4 Nf6 2. c4 c5 3. d5 b5 4. cxb5 a6 5. bxa6 g6 6. Nc3 Bg7 7. e4 O-O 8. Be2 Qa5 9. Bd2 Bxa6 10. e5 Ne8 11. Nf3 d6 12. e6 Bxe2 13. Qxe2 Qa6 14.
Ng5 Qxe2+ 15. Kxe2 f5 16. h4 Nf6 17. h5 Nxh5 18.
Rh4 Na6 19. Rah1 Nc7 20. Rxh5 gxh5 21. Rxh5 Bxc3 22. Bxc3 Nxd5 23. Rxh7 Nxc3+ 24. bxc3 Rxa2+ 25. Ke3 f4+ 26. Ke4 Ra4+ 27. Kf3 Rf5 28. Rh5 Kg7 29.
g4 fxg3+ 30. Kxg3 Kg6 0-1

[Event "*** Titled Tuesday Blitz"]
[Site "Chess.com"]
[Date "2019.10.01"]
[Round "4"]
[White "Roenko_Artur"]
[Black "MasterKroket"]
[Result "0-1"]
[WhiteElo "2245"]
[BlackElo "2437"]
[TimeControl "180+2"]
[EndTime "13:52:52 PDT"]
[Termination "MasterKroket won by resignation"]

1. e4 c5 2. d4 cxd4 3. c3 dxc3 4. Nxc3 Nc6 5. Nf3 d6 6. Bc4 a6 7. O-O Nf6 8. Qe2 Bg4 9. Bf4 e6 10. Rfd1 Qb8 11. h3 Bxf3 12. Qxf3 Be7 13. Qg3 Nh5 14.
Qg4 Nxf4 15. Qxf4 O-O 16. Qg4 Ne5 17. Qe2 b5 18. Bb3 Rc8 19. f4 Nc4 20. Kh1 Qb6 21. Rd3 a5 22. f5 a4 23. Bd1 b4 24. Nb1 Ne5 25. Rg3 Rc1 26. fxe6 fxe6 27. Kh2 Qd4 0-1

[Event "*** Titled Tuesday Blitz"]
[Site "Chess.com"]
[Date "2019.10.01"]
[Round "4"]
[White "SpasKozhuharov"]
[Black "Orest_Vovk"]
[Result "0-1"]
[WhiteElo "2627"]
[BlackElo "2414"]
[TimeControl "180+2"]
[EndTime "13:53:01 PDT"]
[Termination "Orest_Vovk won by checkmate"]

1. d4 d5 2. Bf4 Bf5 3. e3 e6 4. c4 Nf6 5. Nc3 Nc6 6. Nf3 Be7 7. h3 O-O 8. Nh4 Be4 9. Nxe4 Nxe4 10. Nf3 Bb4+ 11. Ke2 dxc4 12. Qc2 Qd5 13. Rc1 b5 14.
Bxc7 Rac8 15. Bf4 f6 16. a3 e5 17. axb4 exf4 18. Nd2 Nxf2 19. Kxf2 fxe3+ 20. Kxe3 Rfe8+ 21. Kf2 Qxd4+ 22. Kg3 Qe5+ 23. Kf2 Qe3# 0-1